 Dungeon Crawl Stone Soup version 0.29.1-12-g30fa7ad0bf (webtiles) character file.

Game seed: 6393777838763001946

47248 DemonSlayer the Skirmisher (level 14, 0/159 HPs)
             Began as a Demonspawn Earth Elementalist on Jan 2, 2023.
             Was the Champion of Cheibriados.
             Slain by a death yak (20 damage)
             ... on level 4 of the Lair of Beasts.
             The game lasted 01:05:38 (18319 turns).

DemonSlayer the Skirmisher (DsEE)                  Turns: 18319, Time: 01:05:39

Health: 0/159      AC: 27    Str: 29    XL:     14   Next: 7%
Magic:  16/26      EV:  2    Int: 40    God:    Cheibriados [******]
Gold:   500        SH:  5    Dex: 29    Spells: 21/30 levels left

rFire   . . .      SeeInvis .   f - +11 sling of Ypeagaem {vorpal, rElec Stlth+}
rCold   . . .      Faith    .   (no shield)
rNeg    . . .      Spirit   .   (body armour currently unavailable)
rPois   +          Reflect  +   (helmet currently unavailable)
rElec   +          Harm     .   (cloak currently unavailable)
rCorr   +          Rampage  .   (gloves currently unavailable)
Will    +....      NoTele   +   (boots currently unavailable)
Stlth   +++++.....              h - amulet of reflection
HPRegen 0.36/turn               y - ring of resist corrosion
MPRegen 0.40/turn               d - ring "Esaidaox" {rElec rPois Str+5 Slay+3}

@: tree-form, invisible, very slow
A: stationary, stasis, torment immunity, boosted hp, (hooves 2), powered by
death 2, magic regeneration, big brain 2
a: Renounce Religion, Bend Time, Temporal Distortion, Slouch, Step From Time


You were on level 4 of the Lair of Beasts.
You worshipped Cheibriados.
Cheibriados was exalted by your worship.
You were a tree.
You visited 3 branches of the dungeon, and saw 16 of its levels.

You collected 1781 gold pieces.
You spent 1281 gold pieces at shops.

Inventory:

Hand Weapons
 f - the +11 sling of Ypeagaem (weapon) {vorpal, rElec Stlth+}
   (You found it on level 2 of the Dungeon)

   Any ammunition fired from it inflicts extra damage upon your enemies.
   rElec:     It insulates you from electricity.
   Stlth:     It makes you more stealthy.
Missiles
 E - 4 curare-tipped darts
Armour
 b - a +0 helmet (melded)
 i - a +0 pair of boots (melded)
 p - a +0 pair of gloves (melded)
 t - the +5 ring mail "Heuhocs" (melded) {rN++ Regen+}
   (You acquired it on level 4 of the Dungeon)

   rN:        It greatly protects you from negative energy.
   Regen:     It increases your rate of health regeneration.
 A - a +2 cloak of stealth (melded)
Jewellery
 d - the ring "Esaidaox" (right branch) {rElec rPois Str+5 Slay+3}
   (You bought it in a shop on level 4 of the Dungeon)

   [ring of poison resistance]

   Str:       It affects your strength (+5).
   Slay:      It affects your accuracy & damage with ranged weapons and melee
   (+3).
   rElec:     It insulates you from electricity.
   rPois:     It protects you from poison.
 g - a ring of protection from cold
 h - an amulet of reflection (around neck)
 n - an amulet of guardian spirit
 u - a ring of willpower
 y - a ring of resist corrosion (left branch)
 J - an amulet of magic regeneration
Wands
 e - a wand of iceblast (11)
 k - a wand of flame (28)
 B - a wand of charming (1)
 D - a wand of mindburst (15)
 H - a wand of polymorph (5)
 I - a wand of quicksilver (1)
Scrolls
 a - 2 scrolls of brand weapon
 x - a scroll of torment
 C - 3 scrolls of identify
 G - 3 scrolls of vulnerability
 K - 2 scrolls of amnesia
Potions
 c - a potion of attraction
 j - a potion of might {unknown}
 l - a potion of mutation
 o - 2 potions of flight
 r - 3 potions of resistance
 s - 3 potions of curing
 v - 2 potions of brilliance
 z - 4 potions of lignification
 L - a potion of berserk rage


   Skills:
 + Level 8.7 Fighting
 + Level 13.8 Ranged Weapons
 + Level 0.2 Throwing
 + Level 7.2 Armour
 + Level 5.1 Dodging
 + Level 4.3 Stealth
 + Level 3.2 Shields
 + Level 8.6 Spellcasting
 + Level 7.4 Conjurations
 + Level 0.9 Transmutations
 + Level 7.8 Earth Magic
 + Level 0.7 Evocations


You had 21 spell levels left.
You knew the following spells:

 Your Spells              Type           Power      Damage    Failure   Level
b - Passwall              Tmut/Erth      42%        N/A       1%          2
c - Stone Arrow           Conj/Erth      100%       3d13      1%          3
d - Petrify               Tmut/Erth      51%        N/A       3%          4

Your spell library contained the following spells:

 Spells                   Type           Power      Damage    Failure   Level
 Necrotise                Necr           68%        1d7       1%          1
 Sandblast                Erth           100%       2d20      1%          1
 Wereblood                Tmut           24%        N/A       1%          2
 Sublimation of Blood     Necr           17%        N/A       3%          2
 Frozen Ramparts          Ice            34%        1d6       6%          3
 Vampiric Draining        Necr           17%        2d7       6%          3
 Borgnjor's Vile Clutch   Necr/Erth      24%        N/A       11%         5
 Ice Form                 Ice/Tmut       20%        N/A       17%         4
 Animate Dead             Necr           17%        N/A       21%         4
 Summon Ice Beast         Ice/Summ       17%        N/A       21%         4
 Summon Lightning Spire   Summ/Air       17%        N/A       21%         4
 Agony                    Necr           17%        N/A       50%         5
 Death Channel            Necr           8%         N/A       97%         6
 Dispersal                Tloc           8%         N/A       97%         6
 Storm Form               Tmut/Air       10%        N/A       100%        7
 Summon Hydra             Summ           8%         N/A       100%        7
 Disjunction              Tloc           8%         N/A       100%        8
 Maxwell's Capacitive Co  Air            8%         ∞         100%        8


Dungeon Overview and Level Annotations

Branches:
Dungeon (10/15)            Temple (1/1) D:5            Lair (5/5) D:10
  Swamp (0/4) Lair:2       Spider (0/4) Lair:3        Slime (0/5) Lair:4
    Orc (0/2) D:9

Altars:
Ashenzari
Cheibriados
Dithmenos
Fedhas
Gozag
Hepliaklqana
Kikubaaqudgha
Makhleb
Nemelex Xobeh
Okawaru
Qazlal
Ru
Sif Muna
Trog
Uskayaw
Vehumet
Wu Jian
Yredelemnul

Shops:
D:4 [(((=   D:8 *

Annotations:
Lair:1 2 transporters, mandoloar's ghost, journeyman DjCj
Lair:4 1 runed translucent door


Innate Abilities, Weirdness & Mutations

You are a tree.
Your roots penetrate the ground, keeping you stationary.
You cannot be teleported.
You are immune to unholy pain and torment.
Your maximum health is greatly increased.
Your equipment is partially melded.
((You have hoof-like feet.))
You regenerate health from kills.
You regenerate magic rapidly.
You have an extremely huge brain. (Int +4)


Message History

Confirm with . or Enter, or press ? or * to list all spells.
Aiming: Stone Arrow (safe; 1% risk of failure)
Press: ? - help, Shift-Dir - straight line, f - death yak, p - death yak
Aim: a death yak (unable to see you, 92% to hit)
The stone arrow hits the death yak!
The death yak is lightly wounded.
You block the death yak's attack.
The death yak gores you but does no damage.
You block the death yak's attack.
Casting: Stone Arrow (safe; 1% risk of failure)
Confirm with . or Enter, or press ? or * to list all spells.
Aiming: Stone Arrow (safe; 1% risk of failure)
Press: ? - help, Shift-Dir - straight line, f/p - death yak
Aim: a death yak (lightly wounded, unable to see you, 92% to hit)
The stone arrow hits the death yak!
The death yak is moderately wounded.
The death yak gores you but does no damage.
The death yak gores you!!
* * * LOW HITPOINT WARNING * * *
The death yak completely misses you.
Casting: Stone Arrow (safe; 1% risk of failure)
Confirm with . or Enter, or press ? or * to list all spells.
Aiming: Stone Arrow (safe; 1% risk of failure)
Press: ? - help, Shift-Dir - straight line, f/p - death yak
Aim: a death yak (moderately wounded, wandering, unable to see you, hasn't noticed you, 92% to hit)
The stone arrow hits the death yak!!
The death yak is severely wounded.
The death yak bellows!
The death yak gores you but does no damage. x2
The death yak gores you.
* * * LOW HITPOINT WARNING * * *
Casting: Stone Arrow (safe; 1% risk of failure)
Confirm with . or Enter, or press ? or * to list all spells.
Aiming: Stone Arrow (safe; 1% risk of failure)
Press: ? - help, Shift-Dir - straight line, f/p - death yak
Aim: a death yak (severely wounded, unable to see you, 92% to hit)
The stone arrow hits the death yak but does no damage.
The death yak is severely wounded.
You block the death yak's attack. The death yak gores you!!
You die...

# ##..# #.# #.........# ## #P.P#
#^## #........P# .# ##.## ##.P#
#........## .# #..# #..P#
#.........# ## ##.# #..##
#......."##### ## #.# #####.#
#........#.##. .#####.###..##.##
#.............
........##P.#..Y####.............
...............Y♣Y...#.####......
..............##P##..### ##......
..............######.#####.......
..............## #..##≈###......
...............# ##.P#≈# #......
..............## #..#≈###......
..............# #...≈..#......
.>.........####### #...~.........
...........#J..#.###...~.#.......


You could see 3 death yaks.

Vanquished Creatures
  A boulder beetle (Lair:5)
  3 hydras
  A catoblepas (Lair:5)
  A two-headed ogre (D:9)
  18 death yaks
  Amaemon (Lair:1)
  4 oklob plants (Lair:4)
  Maurice (D:9)
  Joseph (D:9)
  6 black mambas
  19 elephants
  3 torpor snails
  An orange demon (Lair:1)
  6 cane toads
  An unseen horror (D:10)
  5 komodo dragons
  3 rime drakes
  4 polar bears
  A troll (D:10)
  A tyrant leech (Lair:2)
  8 blink frogs
  3 slime creatures
  A dream sheep (Lair:2)
  Sigmund (D:6)
  A jumping spider (Lair:3)
  A wraith (D:10)
  28 yaks
  4 wyverns
  A steam dragon (D:8)
  A basilisk (Lair:5)
  7 water moccasins
  7 orc warriors
  A sky beast (D:7)
  3 ice beasts
  A black bear (Lair:5)
  2 ogres (D:5)
  23 wolves
  5 centaurs
  A phantom (D:5)
  3 kobold brigands
  9 bullfrogs
  A necrophage (D:6)
  6 scorpions
  6 wights
  9 killer bees (D:8)
  A howler monkey (D:8)
  2 electric eels (Lair:3)
  3 jellies
  4 hounds
  10 orc priests
  A gnoll bouda (Lair:2)
  3 iguanas
  Ijyb (D:4)
  11 hell rats
  8 orc wizards
  Robin (D:4)
  10 gnolls
  12 adders
  A shadow imp (D:6)
  An ufetubus (D:5)
  2 worms (D:2)
  A dart slug (D:4)
  52 orcs
  5 ball pythons
  5 endoplasms
  4 giant cockroaches
  22 goblins
  6 hobgoblins
  11 jackals
  2 quokkas
  6 bats
  2 frilled lizards (D:1)
  27 kobolds
  6 rats
434 creatures vanquished.

Vanquished Creatures (others)
  A death yak (Lair:5)
  An endoplasm (D:4)
  2 bushes (Lair:2)
  30 fungi
  43 plants
77 creatures vanquished.

Grand Total: 511 creatures vanquished

Notes
Turn   | Place    | Note
-------+----------+-------------------------------------------
     0 | D:1      | DemonSlayer the Demonspawn Earth Elementalist began the
                  | quest for the Orb.
     0 | D:1      | Reached XP level 1. HP: 13/13 MP: 3/3
   635 | D:1      | Gained mutation: You have large cloven feet. [demonic
                  | ancestry]
   635 | D:1      | Reached XP level 2. HP: 19/19 MP: 5/5
   641 | D:1      | Learned a level 2 spell: Passwall
  1110 | D:2      | Reached XP level 3. HP: 24/24 MP: 6/6
  1178 | D:2      | Identified the +11 sling of Ypeagaem {vorpal, rElec Stlth+}
  1377 | D:2      | Found a faded altar of an unknown god.
  1712 | D:1      | Reached XP level 4. HP: 31/31 MP: 8/8
  1742 | D:1      | You fall into a shaft and drop 1 floor!
  2782 | D:3      | Reached skill level 1 in Ranged Weapons
  3052 | D:3      | Learned a level 3 spell: Stone Arrow
  3102 | D:4      | Reached skill level 2 in Ranged Weapons
  3136 | D:4      | Reached XP level 5. HP: 36/36 MP: 9/9
  3138 | D:4      | Noticed Robin
  3158 | D:4      | Killed Robin
  3275 | D:4      | Noticed Ijyb
  3280 | D:4      | HP: 1/36 [Ijyb/iceblast (14)]
  3574 | D:4      | Killed Ijyb
  3613 | D:4      | Reached skill level 1 in Armour
  3615 | D:4      | Found Lylothui's Weapon Shoppe.
  3615 | D:4      | Found Idghou's Jewellery Shoppe.
  3620 | D:4      | Found Veroll's Antique Weapon Shoppe.
  3624 | D:4      | Found Wyah's Weapon Shoppe.
  3637 | D:4      | Reached skill level 3 in Ranged Weapons
  3764 | D:4      | Gained mutation: You have an unusually large brain. (Int
                  | +2) [demonic ancestry]
  3764 | D:4      | Reached XP level 6. HP: 18/42 MP: 8/10
  4035 | D:4      | Identified a scroll of acquirement
  4253 | D:3      | Acquired 757 gold pieces
  4604 | D:4      | Bought the ring "Esaidaox" {rElec rPois Str+5 Slay+3} for
                  | 685 gold pieces
  4605 | D:4      | Bought an amulet of reflection for 360 gold pieces
  4751 | D:4      | Found Kohag's Armour Shop.
  4790 | D:5      | Entered Level 5 of the Dungeon
  4818 | D:5      | Found an opulent altar of Gozag.
  4945 | D:5      | Reached skill level 1 in Fighting
  4948 | D:5      | Gained mutation: You regenerate a little health from kills.
                  | [demonic ancestry]
  4948 | D:5      | Reached XP level 7. HP: 48/48 MP: 12/12
  4956 | D:5      | Reached skill level 4 in Ranged Weapons
  4977 | D:5      | Found a blossoming altar of Fedhas.
  5039 | D:5      | Found a staircase to the Ecumenical Temple.
  5183 | D:5      | Reached skill level 5 in Ranged Weapons
  5256 | D:5      | Found an ancient bone altar of Kikubaaqudgha.
  5373 | Temple   | Entered the Ecumenical Temple
  5487 | Temple   | Became a worshipper of Cheibriados the Contemplative
  5556 | D:5      | Gained mutation: You have hoof-like feet. [demonic
                  | ancestry]
  5556 | D:5      | Reached XP level 8. HP: 56/56 MP: 6/13
  5985 | D:5      | Learned a level 4 spell: Petrify
  6103 | D:6      | Reached skill level 1 in Conjurations
  6152 | D:6      | Noticed Sigmund
  6159 | D:6      | Killed Sigmund
  6160 | D:6      | Reached skill level 6 in Ranged Weapons
  6358 | D:6      | Found a bloodstained altar of Trog.
  6363 | D:6      | Found a broken altar of Ashenzari.
  6464 | D:6      | Reached * piety under Cheibriados
  6666 | D:6      | Reached XP level 9. HP: 63/63 MP: 7/15
  6978 | D:7      | Reached skill level 7 in Ranged Weapons
  7120 | D:7      | Reached skill level 5 in Earth Magic
  7406 | D:7      | Reached ** piety under Cheibriados
  7665 | D:7      | Reached skill level 5 in Spellcasting
  8104 | D:8      | Reached skill level 8 in Ranged Weapons
  8357 | D:8      | Found a shadowy altar of Dithmenos.
  8463 | D:8      | Gained mutation: You regenerate health from kills. [demonic
                  | ancestry]
  8463 | D:8      | Reached XP level 10. HP: 69/72 MP: 10/18
  8586 | D:4      | Bought a +2 cloak of stealth for 236 gold pieces
  8592 | D:4      | Acquired the +5 ring mail "Heuhocs" {rN++ Regen+}
  8835 | D:8      | Found Cebril's Assorted Antiques.
  9102 | D:8      | Found a hide-covered altar of Uskayaw.
  9128 | D:9      | Noticed Joseph
  9505 | D:9      | Noticed Maurice
  9508 | D:9      | Killed Joseph
  9554 | D:9      | Reached *** piety under Cheibriados
  9576 | D:9      | Killed Maurice
  9702 | D:9      | Reached skill level 9 in Ranged Weapons
  9788 | D:9      | Reached skill level 5 in Fighting
  9798 | D:9      | Noticed a two-headed ogre
  9802 | D:9      | Killed a two-headed ogre
  9803 | D:9      | Reached skill level 1 in Shields
  9867 | D:9      | Reached **** piety under Cheibriados
 10255 | D:9      | Found a staircase to the Orcish Mines.
 10383 | D:10     | Entered Level 10 of the Dungeon
 10404 | D:10     | Reached skill level 10 in Ranged Weapons
 10681 | D:10     | Gained mutation: You regenerate magic rapidly. [demonic
                  | ancestry]
 10681 | D:10     | Reached XP level 11. HP: 81/81 MP: 19/19
 10844 | D:10     | Reached ***** piety under Cheibriados
 10980 | D:10     | Found a staircase to the Lair.
 11234 | Lair:1   | Entered Level 1 of the Lair of Beasts
 11340 | Lair:1   | Reached skill level 11 in Ranged Weapons
 11450 | Lair:1   | Noticed Amaemon
 11450 | Lair:1   | Noticed a four-headed hydra
 11571 | Lair:2   | Noticed a death yak
 11571 | Lair:2   | Noticed a death yak
 11571 | Lair:2   | Noticed a death yak
 11581 | Lair:2   | Noticed a death yak
 11583 | Lair:2   | Killed a death yak
 11583 | Lair:2   | Noticed a death yak
 11868 | Lair:2   | Found a staircase to the Swamp.
 11873 | Lair:2   | Reached skill level 5 in Armour
 11939 | Lair:2   | Noticed a death yak
 12387 | Lair:3   | Noticed a death yak
 12387 | Lair:3   | Noticed a death yak
 12387 | Lair:3   | Noticed a death yak
 12389 | Lair:3   | Noticed a death yak
 12389 | Lair:3   | Noticed a death yak
 12401 | Lair:2   | Killed a death yak
 12656 | Lair:3   | Identified the +4 whip of Wu Jian, Brewing {drain, Int+2
                  | Dex+3}
 12659 | Lair:3   | Found a hole to the Spider Nest.
 12693 | Lair:3   | Reached XP level 12. HP: 80/89 MP: 17/22
 12845 | Lair:3   | Found an iron altar of Okawaru.
 12852 | Lair:3   | Noticed a death yak
 12867 | Lair:3   | Killed a death yak
 12936 | Lair:2   | Reached skill level 5 in Conjurations
 12953 | Lair:2   | Reached skill level 12 in Ranged Weapons
 13070 | Lair:2   | Noticed a death yak
 13082 | Lair:2   | Killed a death yak
 13109 | Lair:2   | Reached ****** piety under Cheibriados
 13273 | Lair:2   | Killed a death yak
 13277 | Lair:2   | Killed a death yak
 13282 | Lair:2   | Killed a death yak
 13286 | Lair:2   | Killed a death yak
 13288 | Lair:2   | Killed a death yak
 13889 | Lair:3   | Killed a death yak
 13898 | Lair:3   | Killed a death yak
 13913 | Lair:3   | HP: 2/91 [death yak (7)]
 14474 | Lair:3   | Killed a death yak
 14483 | Lair:3   | Killed a death yak
 14933 | Lair:1   | Killed Amaemon
 14934 | Lair:1   | Gained mutation: You have an extremely huge brain. (Int +4)
                  | [demonic ancestry]
 14934 | Lair:1   | Reached XP level 13. HP: 87/97 MP: 15/24
 15226 | Lair:1   | Found a bloodstained altar of Trog.
 15226 | Lair:1   | Noticed mandoloar's ghost (journeyman DjCj)
 15270 | Lair:1   | Found a transporter.
 15393 | Lair:1   | Found a transporter.
 15912 | Lair:4   | Found a runed translucent door.
 15914 | Lair:4   | Found a staircase to the Slime Pits.
 16576 | Lair:4   | Reached skill level 13 in Ranged Weapons
 17346 | Lair:5   | Entered Level 5 of the Lair of Beasts
 17762 | Lair:5   | Reached skill level 5 in Dodging
 18126 | Lair:5   | Reached XP level 14. HP: 94/106 MP: 1/26
 18319 | Lair:4   | Slain by a death yak

Illustrated notes

Levels and vault maps discovered:
D:1:      lemuel_arrival_funnel, layout_basic
D:2:      layout_rooms, dreamdust_ecumenical_altar_hidden_monk_grotto,
          kennysheep_nondescript
D:3:      layout_basic
D:4:      layout_gridville, serial_shops, nicolae_lakefront_shop,
          minmay_shop_grid_forest, uniq_ijyb, uniq_robin
D:5:      layout_loops_cross, mainiacjoe_overflow_six_doors_small,
          nicolae_gozag_cash_rules_everything_around_me, temple_doors_e,
          minmay_ruined_shrine
D:6:      layout_loops_cross, mainiacjoe_overflow_catwalk_spiral, uniq_sigmund
D:7:      layout_gridville, chequers_avenue
D:8:      layout_cave_pools, lemuel_crystal_altar, lemuel_crystal_altar,
          mainiacjoe_overflow_alcove_2, serial_shops, kennysheep_little_box,
          kennysheep_cross_room
D:9:      nicolae_whirlpool, layout_irregular_city, david_orc_5, uniq_joseph,
          uniq_maurice
D:10:     layout_roguey, lair_entry_dummy
Temple:   bh_familiar_temple
Lair:1:   layout_regular_city, gammafunk_ghost_wrathful_warriors, uniq_amaemon
Lair:2:   layout_concentric_octagons, minmay_swamp_entry_worms, minivault_25,
          dreamdust_gnoll_shepherd, grunt_megastairs_3
Lair:3:   layout_regular_city, spider_nest_entry_rubble, basic_altar,
          infiniplex_staircase_pool, grunt_megastairs_2
Lair:4:   minmay_lair_oklob_chamber, layout_small_grid, slime_entry_2,
          chequers_serial_rivers_micro_b, beast_lair_carwin_2
Lair:5:   grunt_lair_end_beastmaster, layout_loops_ring,
          nicolae_lair_run_with_the_wolves

Skill      XL: |  1  2  3  4  5  6  7  8  9 10 11 12 13 |
---------------+----------------------------------------+-----
Earth Magic    | 3 4 5 6 7 |  7.8
Stealth        | 2 3 4 |  4.3
Dodging        | 2 3 4 5 |  5.1
Spellcasting   | 3 4 5 6 7 8 |  8.6
Ranged Weapons | 2 3 5 6 8 10 11 12 13 | 13.8
Armour         | 1 2 3 4 5 6 7 |  7.2
Fighting       | 1 3 4 5 6 7 8 |  8.7
Conjurations   | 2 3 4 6 7 |  7.4
Shields        | 1 2 3 |  3.2
Throwing       | |  0.2
Transmutations | |  0.9
Evocations     | |  0.7

Action                   |  1- 3 |  4- 6 |  7- 9 | 10-12 | 13-15 || total
-------------------------+-------+-------+-------+-------+-------++-------
Melee: Dagger            |     7 |       |       |       |       ||     7
       Kick              |     1 |       |       |       |       ||     1
 Fire: Sling             |    25 |    85 |   145 |   418 |   275 ||   948
Throw: Dart              |       |       |       |       |     2 ||     2
 Cast: Sandblast         |    32 |    28 |     6 |       |       ||    66
       Stone Arrow       |       |       |    55 |   133 |    96 ||   284
Evoke: Wand              |       |       |       |     6 |       ||     6
  Use: Potion            |     1 |     7 |       |     1 |    12 ||    21
       Scroll            |       |     9 |     2 |    22 |     5 ||    38
 Stab: Sleeping          |     1 |       |       |       |       ||     1
Armor: Robe              |     6 |       |       |       |       ||     6
       Leather armour    |       |    10 |    16 |       |       ||    26
       Ring mail         |       |       |       |    99 |    99 ||   198
       Skin              |       |       |       |       |    10 ||    10
Dodge: Dodged            |    24 |    24 |    43 |   169 |   187 ||   447
Block: Other             |       |       |    15 |    57 |    67 ||   139
       Reflection        |       |       |     1 |     4 |       ||     5
